Map: Abyssal Reef LE

Players

Dark - Winner!

  • Race: Zerg Zerg
  • Spawn Location: 5:00

Solar

  • Race: Zerg Zerg
  • Spawn Location: 11:00

Event: IEM XI Katowice - World Championship 2017

VOD

Have the link to the VOD?

Description

Time

  • Played on: March 4, 2017, 7:53 a.m.
  • Length: 9:50

All games in this series

Show
View Real Time Build Order
Export as new Build Order

Dark Zerg - Winner!

Build Orders: Hatch First, Zergling Baneling 

Get SALT Encoding   

  12  0:00  Drone  
  13  0:12  Overlord  
  13  0:17  Drone  
  14  0:31  Drone x2  
  16  0:36  Drone  
  17  0:52  Hatchery  
  17  0:55  Drone  
  17  0:58  Drone  
  18  1:04  Extractor  
  17  1:13  Spawning Pool  
  17  1:15  Drone  
  17  1:20  Drone  
  18  1:29  Drone  
  19  1:39  Overlord  
  19  1:50  Drone  
  20  2:00  Queen  
  20  2:01  Zergling x2  
  23  2:03  Queen  
  23  2:04  Drone  
  23  2:07  Metabolic Boost  
  26  2:12  Drone  
  27  2:15  Drone  
  27  2:22  Drone  
  29  2:27  Drone  
  30  2:31  Baneling Nest  
  30  2:33  Drone  
  30  2:38  Drone  
  31  2:46  Overlord  
  31  2:51  Zergling x2  
  32  3:01  Drone x2  
  32  3:02  Hatchery  
  33  3:09  Drone x3  
  33  3:10  Drone  
  37  3:15  Drone  
  37  3:16  Baneling x2  
  38  3:20  Queen  
  38  3:24  Drone  
  38  3:25  Zergling x2  
  42  3:29  Overlord  
  42  3:31  Drone  
  43  3:35  Extractor, Drone  
  43  3:41  Overlord  
  43  3:49  Zergling x2  
  43  3:50  Zergling x10  
  48  3:59  Zergling x4, Roach Warren  
  49  4:07  Zergling x4  
  51  4:16  Baneling  
  51  4:17  Baneling  
  51  4:19  Zergling x10  
  51  4:20  Zergling x4  
  58  4:26  Baneling x4  
  58  4:29  Baneling  
  56  4:40  Zergling x10  
  56  4:42  Baneling x2  
  56  4:58  Baneling x2  
  56  4:59  Roach x4  
  65  5:00  Roach  
  65  5:03  Overlord  
  65  5:05  Overlord  
  64  5:10  Roach  
  62  5:17  Roach x2  
  63  5:22  Roach  
  63  5:23  Roach x4  
  63  5:24  Zergling x2  
  63  5:26  Baneling x2  
  73  5:29  Zergling x4  
  73  5:31  Zergling x2  
  73  5:34  Zergling x2  
  77  5:42  Zergling x2  
  76  5:43  Zergling x2  
  76  5:45  Zergling x4  
  79  5:51  Zergling x4  
  79  5:52  Zergling x6  
  79  5:53  Roach  
  80  5:58  Overlord  
  80  5:59  Ravager  
  80  6:00  Zergling x4  
  82  6:08  Zergling x2, Ravager x2  
  82  6:09  Zergling x2  
  79  6:16  Zergling x6  
  75  6:19  Ravager x2  
  75  6:24  Zergling x4  
  75  6:32  Zergling x2  
  75  6:37  Zergling x2  
  68  6:40  Lair  
  68  6:43  Evolution Chamber  
  57  6:52  Drone x6  
  57  6:53  Roach x3  
  59  7:03  Roach  
  59  7:06  Baneling x2  
  63  7:08  Roach x3  
  63  7:09  Roach x2  
  63  7:12  Extractor  
  68  7:18  Roach x2  
  68  7:19  Zergling x2  
  68  7:20  Zergling x6  
  76  7:26  Zergling x4  
  76  7:27  Zergling x2  
  79  7:36  Zerg Missile Weapons Level 1  
  78  7:37  Drone x3  
  78  7:38  Drone  
  78  7:43  Drone  
  78  7:44  Drone x2  
  85  7:49  Drone  
  85  7:50  Drone x2  
  85  7:51  Glial Reconstitution  
  88  7:53  Overlord  
  88  7:58  Overlord  
  88  8:00  Overlord  
  88  8:03  Overlord  
  87  8:09  Overlord  
  87  8:10  Roach  
  87  8:11  Roach  
  91  8:14  Roach  
  91  8:16  Roach  
  91  8:17  Overseer  
  94  8:23  Roach x2  
  94  8:24  Roach  
  100  8:27  Roach  
  100  8:28  Roach  
  100  8:33  Roach x2  
  108  8:38  Roach  
  108  8:39  Roach  
  108  8:40  Roach  
  114  8:42  Roach  
  114  8:47  Overlord  
  114  8:48  Roach  
  118  8:49  Extractor  
  118  8:50  Roach  
  118  8:53  Roach  
  121  8:57  Overlord  
  121  8:58  Overlord  
  121  9:06  Roach x3  
  121  9:08  Roach  
  129  9:11  Overlord  
  129  9:16  Overlord  
  131  9:17  Unknown, Roach x2  
  131  9:23  Roach x2  
  137  9:30  Roach  
Show
View Real Time Build Order
Export as new Build Order

Solar Zerg 

Build Orders: Hatch First 

Get SALT Encoding   

  12  0:00  Drone  
  13  0:12  Overlord  
  13  0:17  Drone  
  14  0:31  Drone  
  14  0:32  Drone  
  14  0:34  Drone  
  17  0:56  Hatchery  
  16  0:58  Drone  
  16  1:01  Drone  
  18  1:08  Extractor  
  17  1:17  Spawning Pool  
  16  1:20  Drone  
  16  1:24  Drone  
  18  1:28  Drone  
  19  1:42  Overlord  
  19  1:56  Drone  
  20  2:01  Drone  
  20  2:04  Queen  
  20  2:07  Queen  
  25  2:09  Metabolic Boost  
  25  2:13  Drone  
  26  2:16  Drone  
  26  2:20  Drone  
  28  2:23  Zergling x2  
  28  2:29  Baneling Nest  
  28  2:31  Drone  
  28  2:34  Drone  
  30  2:43  Drone  
  31  2:53  Hatchery  
  31  2:55  Zergling x2  
  32  2:58  Drone  
  32  3:03  Overlord  
  32  3:07  Drone  
  32  3:08  Drone  
  34  3:13  Drone x2  
  34  3:18  Baneling x2  
  36  3:22  Zergling x6  
  36  3:26  Drone x2  
  41  3:31  Overlord  
  41  3:35  Drone x2  
  41  3:40  Drone  
  44  3:48  Overlord  
  44  3:51  Drone x2  
  44  3:52  Zergling x8  
  49  3:57  Queen  
  49  4:01  Drone x2  
  52  4:03  Baneling x2  
  52  4:08  Zergling x2, Drone x2  
  55  4:11  Extractor  
  55  4:14  Roach Warren  
  53  4:17  Drone x2  
  53  4:18  Drone  
  53  4:20  Baneling x2  
  53  4:23  Zergling x2  
  53  4:24  Zergling x2  
  58  4:27  Drone  
  58  4:28  Overlord  
  58  4:31  Drone  
  58  4:38  Zergling x2  
  58  4:43  Zergling x10  
  53  4:48  Zergling x2  
  53  4:51  Zergling x4  
  50  4:53  Zergling x4  
  50  4:56  Zergling x2  
  50  4:57  Zergling x2  
  50  4:59  Zergling x2  
  51  5:02  Zergling x2  
  51  5:04  Drone  
  47  5:07  Drone  
  47  5:11  Drone  
  47  5:14  Drone x2  
  46  5:18  Roach  
  46  5:19  Baneling x2  
  43  5:22  Roach  
  43  5:25  Roach  
  43  5:28  Roach x2  
  49  5:30  Baneling x2  
  49  5:31  Roach  
  50  5:36  Zergling x2, Roach  
  50  5:37  Zergling x2  
  50  5:42  Roach  
  55  5:43  Roach  
  55  5:49  Roach  
  57  5:54  Baneling x3  
  57  5:55  Queen  
  59  5:59  Roach  
  59  6:02  Roach  
  59  6:03  Zergling x2  
  61  6:06  Zergling x2  
  61  6:08  Zergling x2  
  61  6:10  Zergling x2  
  62  6:12  Roach  
  62  6:18  Queen  
  62  6:22  Drone  
  62  6:23  Roach  
  67  6:26  Roach  
  67  6:30  Roach  
  67  6:32  Roach  
  71  6:35  Overlord  
  66  6:40  Overlord  
  60  6:48  Overlord  
  58  6:55  Zergling x2  
  58  7:00  Drone  
  59  7:02  Drone  
  59  7:04  Ravager  
  59  7:06  Drone  
  59  7:07  Drone x2  
  64  7:08  Drone  
  64  7:11  Ravager  
  66  7:21  Drone  
  67  7:23  Drone  
  67  7:24  Hatchery  
  67  7:25  Drone  
  67  7:28  Drone  
  70  7:30  Drone  
  70  7:33  Drone x2  
  71  7:42  Hatchery  
  71  7:43  Lair  
  70  7:46  Drone  
  70  7:48  Ravager  
  70  7:51  Overlord  
  72  7:55  Evolution Chamber, Drone  
  72  7:57  Extractor, Drone  
  72  7:58  Drone  
  72  8:01  Drone  
  72  8:02  Drone  
  75  8:07  Queen  
  75  8:10  Drone x2  
  79  8:13  Drone  
  79  8:16  Drone x2  
  79  8:19  Extractor  
  81  8:23  Drone  
  81  8:24  Drone  
  83  8:27  Drone  
  83  8:28  Drone  
  83  8:32  Overlord  
  85  8:36  Unknown, Roach  
  87  8:42  Roach x2  
  87  8:44  Overseer  
  91  8:50  Overlord  
  91  8:52  Roach  
  91  8:55  Roach  
  95  8:57  Ravager x2  
  95  8:59  Roach  
  95  9:02  Overlord  
  99  9:05  Roach  
  101  9:11  Roach  
  101  9:12  Roach  
  101  9:16  Overlord  
  105  9:18  Roach x2  
  105  9:22  Roach  
  105  9:23  Roach  
  113  9:25  Roach  
  113  9:28  Roach  
  113  9:30  Ravager  

Tags
 
Add a new tag
Caveats
  • Supply blocks, unpowered buildings, or Contaminate may cause inaccurate times.
  • Supply counts are checked every 10 seconds.